Unix NetHack Version 5.0.0-0 post-release - last build Jun 10 2026 00:39:30 (3ee93aec679c4c4259841fe613dc97188e26a321,branch:main).

Game began 2026-06-12 12:53:50, ended 2026-06-12 16:41:17.

Drastanta, neutral male human Barbarian

                            -------     -------
                            |$.E.l|--   |..|0>|
                            |.$.B.-?|   |.....|
                          --|o$v.$|-|   |.--.---
                          |*q.)$$.-.|  --.|....----
                          |@|.$$$.|-| --..|.......|
                          |%|$$$..+.| |...|---....|
                          |.|$$$$.|-- |...|..|[...|
                          |.|------   |...|.......|
                          |.|        --0.....|...)--
                          |.|        |..%.|..|.....|
                          |%|        |....|--|.....|
                          |.|        |..%--  --%|..|
                          |.|        -----    |.----
                          |.-------------------..|
                          |...................^..|
                          ------------------------

Drastanta the Brigand      St:17 Dx:18 Co:18 In:7 Wi:8 Ch:8  Neutral
Dlvl:4  $:589 HP:0(106) Pw:22(22) AC:2  Xp:10 T:10096 

Latest messages:
 The hobgoblin picks up a cursed sling.
 You kill the hobgoblin!
 You hear a slurping sound.
 The ice vortex engulfs you!
 You smite the ice vortex.
 You are freezing to death!
 You are freezing to death!
 You smite the ice vortex.
 You destroy the ice vortex!
 You see here 2 rocks.
 You hear a slurping sound.
 You smite the leocrotta!
 You kill the leocrotta!
 You hear a slurping sound.
 You hear a slurping sound.
 You smite the warg!
 The warg bites!
 The winter wolf cub breathes frost!
 The blast of frost hits the warg!
 The blast of frost hits you!
 The blast of frost bounces!
 The blast of frost whizzes by you!
 The blast of frost hits the warg!
 The blast of frost hits the winter wolf cub.
 You kill the warg!
 You see here a rothe corpse.
 You hear a slurping sound.
 You smite the winter wolf cub!
 You smite the winter wolf cub!
 The Mordor orc strikes at your displaced image and misses you!
 The winter wolf cub bites!
 You kill the winter wolf cub!
 The Mordor orc strikes at your displaced image and misses you!
 You hear a slurping sound.
 The gnome picks up a cursed sling.
 You kill the gnome!
 The Mordor orc strikes at your displaced image and misses you!
 The mountain nymph picks up a gnome corpse.
 You smite the mountain nymph!
 The beautiful mountain nymph seduces you and you start taking off your helm.
 The mountain nymph stole an uncursed lizard corpse.
 You can move again.
 The mountain nymph steals a blessed +0 dwarvish iron helm!
 A mysterious force prevents the mountain nymph from teleporting!
 You kill the mountain nymph!
 You hear a slurping sound.
 You smite the mumak!
 The mumak butts!
 You die...
 Do you want your possessions identified? [ynq] (y) q

Inventory:
 Coins    ('$')
  $ - 589 gold pieces
 Weapons  (')')
  E - the rustproof +0 Cleaver (weapon in hands)
 Armor    ('[')
  S - an uncursed +1 pair of jumping boots (being worn)
  h - an uncursed burnt +0 cloak of displacement (being worn)
  L - an uncursed +0 dwarvish mithril-coat (being worn)
 Comestibles  ('%')
  O - 2 uncursed C-rations
  D - an uncursed partly eaten food ration
  F - 6 uncursed food rations
 Scrolls  ('?')
  u - a blessed scroll of confuse monster
  K - an uncursed scroll of confuse monster
  M - an uncursed scroll of create monster
  Q - 2 uncursed scrolls of create monster
  q - a blessed scroll of destroy armor
  c - an uncursed scroll of earth
  e - a cursed scroll of earth
  s - an uncursed scroll of enchant armor
  x - an uncursed scroll of food detection
  r - 2 uncursed scrolls of identify
  t - a blessed scroll of light
  p - 3 uncursed scrolls of light
  n - an uncursed scroll of punishment
  m - 3 uncursed scrolls of remove curse
  o - 2 uncursed scrolls of scare monster
  v - a blessed scroll of stinking cloud
  R - 2 uncursed scrolls of teleportation
 Potions  ('!')
  H - an uncursed potion of hallucination
  P - 2 uncursed potions of healing
  I - an uncursed potion of restore ability
  Z - 2 potions of holy water
  l - an uncursed potion of water
 Rings    ('=')
  a - an uncursed ring of cold resistance
  z - an uncursed ring of levitation
  T - a cursed ring of protection from shape changers
  W - an uncursed ring of shock resistance
  V - an uncursed ring of sustain ability
 Wands    ('/')
  k - a wand of cold (0:6)
  b - a wand of fire (0:4)
  w - a wand of magic missile (0:6)
  N - a wand of opening (0:8)
  j - a wand of polymorph (0:6)
  G - a wand of teleportation (0:6)
  B - a wand of teleportation (0:3)
 Tools    ('(')
  Y - a magic marker (0:34)
  U - an uncursed magic whistle
  g - an uncursed skeleton key
  f - an uncursed towel
  X - a +0 unicorn horn
 Gems/Stones  ('*')
  i - an uncursed luckstone
  d - an uncursed touchstone

Drastanta the Barbarian's attributes:

Background:
 You were a Brigand, a level 10 male human Barbarian.
 You were neutral, on a mission for Crom
 who was opposed by Mitra (lawful) and Set (chaotic).
 You were left-handed.
 You were in Sokoban, on level 4.
 You entered the dungeon 10096 turns ago.
 You had 6382 experience points, 3618 more were needed to attain level 11.

Basics:
 You had 0 out of 106 hit points.
 You had all 22 energy points (spell power).
 Your armor class was 2.
 Your wallet contained 589 zorkmids.
 Autopickup was on for '$' plus thrown.

Final Characteristics:
 Your strength was 17 (peak:18, limit:18/100).
 Your dexterity was 18 (limit:18).
 Your constitution was 18 (limit:18).
 Your intelligence was 7 (limit:18).
 Your wisdom was 8 (limit:18).
 Your charisma was 8 (limit:18).

Final Status:
 You weren't hungry.
 You were unencumbered.
 You were wielding an axe.
 You had expert skill with axe.

Final Attributes:
 You were piously aligned.
 You were poison resistant.
 You were telepathic.
 You were displaced.
 You could jump.
 You were guarded.
 You were fast.
 You were unlucky.
 You had extra luck.
 Bad luck did not time out for you.
 Good luck did not time out for you.
 Crom was angry with you.
 You are dead.

Miscellaneous:
 You didn't encounter any bones levels.
 Total elapsed playing time was 2 hours, 49 minutes and 34 seconds.

Major events:
 Turn
    1: Drastanta the neutral male human Barbarian entered the dungeon
 1431: attained the rank of Pillager (level 3)
 1733: entered the Gnomish Mines
 3238: attained the rank of Bandit (level 6)
 3811: reached Mine Town
 4092: was bestowed with Cleaver by Crom
 6460: acquired the Mines' End luckstone
 7838: entered Sokoban
 8176: completed 1st Sokoban level
 8820: completed 2nd Sokoban level
 9267: completed 3rd Sokoban level
 9431: attained the rank of Brigand (level 10)
 9928: completed 4th Sokoban level
10096: killed by a mumak

You didn't know any spells.

Skills:
 Fighting Skills
   bare handed combat [Basic]
   two weapon combat  [Unskilled]
   riding             [Unskilled]
 Weapon Skills
   dagger             [Unskilled]
   axe                [Expert]
   pick-axe           [Unskilled]
   short sword        [Basic]
   broadsword         [Unskilled]
   long sword         [Unskilled]
   two-handed sword   [Unskilled]
   saber              [Unskilled]
   club               [Unskilled]
   mace               [Unskilled]
   morning star       [Unskilled]
   flail              [Unskilled]
   hammer             [Unskilled]
   quarterstaff       [Unskilled]
   spear              [Unskilled]
   trident            [Unskilled]
   bow                [Unskilled]
 Spellcasting Skills
   attack spells      [Unskilled]
   escape spells      [Unskilled]

Voluntary challenges:
 Character rerolling was not enabled.
 You never genocided any monsters.
 You never polymorphed an object.
 You never changed form.
 You used no wishes.
 You did not violate any of the special Sokoban rules.
Achievements:
 You entered a shop.
 You attained the rank of Pillager.
 You entered the Gnomish Mines.
 You attained the rank of Bandit.
 You entered Minetown.
 You entered a temple.
 You completed the Gnomish Mines.
 You entered Sokoban.
 You attained the rank of Brigand.

 The Dungeons of Doom: levels 1 to 9
    Level 1:
       A fountain.
    Level 2:
       An armor shop.
    Level 3:
       A scroll shop, a fountain.
       Stairs down to The Gnomish Mines.
    Level 4:
       A bookstore.
    Level 5:
       A sink.
    Level 6:
       Many altars.
    Level 7:
    Level 8:
       A fountain.
       Stairs up to Sokoban, level 7.
    Level 9:
 The Gnomish Mines: levels 4 to 12
    Level 4:
    Level 5:
    Level 6:
       Some shops, a temple and an altar to Crom, some fountains.
    Level 7:
    Level 8:
    Level 9:
    Level 10:
    Level 11:
    Level 12:
 Sokoban: levels 7 up to 4
    Level 4: <- You were here.
       Solved.
       Final resting place for
          you, killed by a mumak.
    Level 5:
       Solved.
    Level 6:
       Solved.
    Level 7:
       Solved.


Vanquished creatures:
  2 vampires
  2 giant mimics
  a long worm
  a giant mummy
  4 wargs
  a xan
 an ettin mummy
 an ogre leader
  a quantum mechanic
  a sasquatch
  a wood golem
  a shocking sphere
  2 tigers
  a tengu
 an ochre jelly
  a leocrotta
  a red naga
  2 pythons
  2 wraiths
  a soldier
  2 chameleons
  3 wolves
  a winter wolf cub
  a lynx
  a panther
  2 leprechauns
  a mumak
  a scorpion
 an ice vortex
  a black light
  a dwarf mummy
  2 brown puddings
  a rust monster
  a yeti
  a gold golem
  5 Green-elves
  a lizard
  3 jaguars
  a dwarf leader
  a white unicorn
  a gray unicorn
  3 ravens
  a snake
  a human zombie
  a rope golem
  2 Woodland-elves
  4 fire ants
  a wood nymph
  2 mountain nymphs
  9 Mordor orcs
  2 rock piercers
  4 yellow lights
  a shrieker
  a violet fungus
 12 gnome leaders
  3 gnomish wizards
  a barrow wight
  a straw golem
  2 giant ants
  4 floating eyes
  a kitten
 18 dwarves
  2 homunculi
  a kobold leader
  4 hill orcs
  6 rothes
  a giant bat
  2 orc zombies
  2 dwarf zombies
  3 wererats
  2 iguanas
 an acid blob
  a coyote
  2 gas spores
  3 hobbits
  4 manes
  a large kobold
  3 hobgoblins
  6 giant rats
  2 cave spiders
  a red mold
 62 gnomes
  a garter snake
  2 gnome zombies
  6 geckos
  5 jackals
  2 foxes
  4 kobolds
  a goblin
  a sewer rat
  4 grid bugs
  3 bats
  5 lichens
  a kobold zombie
  6 newts
284 creatures vanquished.

No species were genocided or became extinct.

Game over:
                       ----------
                      /          \
                     /    REST    \
                    /      IN      \
                   /     PEACE      \
                  /                  \
                  |    Drastanta     |
                  |      589 Au      |
                  |   killed by a    |
                  |      mumak       |
                  |                  |
                  |                  |
                  |       2026       |
                 *|     *  *  *      | *
        _________)/\\_//(\/(/\)/\//\/|_)_______

Goodbye Drastanta the Barbarian...

You died in Sokoban on dungeon level 4 with 25409 points,
and 589 pieces of gold, after 10096 moves.
You were level 10 with a maximum of 106 hit points when you died.

